AoeStats
← Toan

Fortress

509292297Analyzed
2v2 RM · 4d ago on Sep 26, 2026· 24m 59s· 4 players
Game mode
Random Map
Map size
Normal (6 player)
Population
200
Speed
Normal
Resources
Standard
Victory
Conquest
Starting age
Dark Age
Ending age
Imperial Age
RankedLock teamsTeams togetherTeam positionsShared explorationLock speedFull tech treeHidden civsTurbo modeCheats
Victory
Defeat
🇷🇺 Danes · Russia
1043
+14
🇷🇺 Romans · Russia
1002
+16
🇨🇳 Shu · China
1000
-45
🇨🇳 Malians · China
1000
-45
常宇最牛
1:34 Loom
7:46 Feudal Age
9:25 Wheelbarrow
15:14 Castle Age
16:34 Hand Cart
19:12 Gold Mining
18:51 Pikeman
19:33 Squires
21:14 Coiled Serpent Array
河口讲解师
8:46 Feudal Age
10:27 Double-Bit Axe
16:01 Castle Age
14:30 Horse Collar
16:40 Forging
16:33 Scale Mail Armor
16:39 Gold Mining
18:16 Gold Shaft Mining
18:17 Squires
18:08 Arson
Toan
7:45 Feudal Age
8:19 Double-Bit Axe
13:23 Castle Age
12:01 Scale Mail Armor
12:12 Forging
12:07 Arson
17:42 Chain Mail Armor
18:36 Gambesons
24:40 Bow Saw
Shuāng
9:29 Feudal Age
9:33 Man-at-Arms
11:18 Double-Bit Axe
16:17 Castle Age
15:44 Scale Mail Armor
15:51 Scale Barding Armor
16:33 Bloodlines
17:41 Bow Saw
20:27 Forging
22:49 Gold Mining
22:43 Horse Collar
23:40 Fortified Wall
27:41 Imperial Age
Connection lost

Rejoining the realm…

Still unreachable

The connection could not be restored.

Session expired

The server has moved on; the page needs a fresh start.